 Dungeon Crawl Stone Soup version 0.28-a0-828-g0121872642 (webtiles) character file.

Game seed: 1379891529429958622

3032 bande the Cleaver (level 9, -5/56 HPs)
             Began as a Gargoyle Fighter on Nov 10, 2021.
             Was a Follower of Okawaru.
             Slain by Harold (10 damage)
             ... on level 9 of the Dungeon.
             The game lasted 00:14:49 (10203 turns).

bande the Cleaver (Gargoyle Fighter)               Turns: 10203, Time: 00:14:50

Health: -5/56      AC: 19    Str: 20    XL:     9   Next: 86%
Magic:  10/10      EV:  7    Int: 10    God:    Okawaru [*.....]
Gold:   345        SH:  7    Dex: 17    Spells: 8/8 levels left

rFire   + . .      SeeInvis .   a - +1 war axe
rCold   . . .      Faith    .   c - +1 buckler
rNeg    + . .      Spirit   .   r - +0 chain mail
rPois   ∞          Reflect  .   j - +0 helmet
rElec   +          Harm     .   (no cloak)
rCorr   .          Rampage  .   f - +0 pair of gloves
Will    .....      Clarity  +   (no boots)
Stlth   ..........              (no amulet)
HPRegen 0.18/turn               l - ring of protection from fire
MPRegen 0.12/turn               b - +6 ring of dexterity

@: mighty, marked
A: sickness immunity, AC +6, negative energy resistance 1, electricity
resistance, torment resistance 1, petrification resistance, clarity
a: Renounce Religion, Heroism


You were on level 9 of the Dungeon.
You worshipped Okawaru.
Okawaru was aware of your devotion.
You visited 2 branches of the dungeon, and saw 10 of its levels.

You collected 345 gold pieces.

Inventory:

Hand Weapons
 a - a +1 war axe (weapon)
 h - a +0 flail
 m - a +0 war axe
 p - the +11 halberd "Fiodias" {flame, *Rage rElec rCorr Stlth+}
   (You found it on level 4 of the Dungeon)

   It burns those it strikes, dealing additional fire damage.
   Big, fiery blades are also staple armaments of hydra-hunters.
   rElec:     It insulates you from electricity.
   *Rage:     It berserks you when you make melee attacks (+20% chance).
   rCorr:     It protects you from acid and corrosion.
   Stlth:     It makes you more stealthy.
Missiles
 t - a throwing net (quivered)
Armour
 c - a +1 buckler (worn)
 e - a +0 scale mail of fire resistance
 f - a +0 pair of gloves (worn)
 j - a +0 helmet (worn)
 r - a +0 chain mail (worn)
 v - a +0 tower shield
Jewellery
 b - a +6 ring of dexterity (right hand)
 l - a ring of protection from fire (left hand)
Wands
 q - a wand of polymorph (13)
 y - a wand of acid (7)
 A - a wand of flame (26)
Scrolls
 s - a scroll of enchant weapon
 w - a scroll of magic mapping
Potions
 g - a potion of magic
 i - 3 potions of haste
 k - 3 potions of cancellation
 n - a potion of berserk rage {unknown}
 o - a potion of curing
 u - a potion of ambrosia {unknown}
 x - a potion of brilliance


   Skills:
 + Level 6.4 Fighting
 + Level 8.8 Axes
 + Level 6.9 Armour
 - Level 0.1 Stealth
 + Level 5.8 Shields
 * Level 2.4 Invocations
 * Level 2.4 Evocations


You had 8 spell levels left.
You didn't know any spells.
Your spell library contained the following spells:

 Spells                   Type           Power      Damage    Failure   Level
 Magic Dart               Conj           0%         1d3       97%         1
 Corpse Rot               Necr/Air       0%         N/A       99%         2
 Poisonous Vapours        Pois/Air       0%         N/A       99%         2
 Searing Ray              Conj           0%         2d4       99%         2
 Frozen Ramparts          Ice            0%         1d2       100%        3
 Portal Projectile        Hex/Tloc       0%         N/A       100%        3
 Dispel Undead            Necr           0%         3d6       100%        4
 Fulminant Prism          Conj/Hex       0%         3d6       100%        4
 Ice Form                 Ice/Tmut       0%         N/A       100%        4
 Leda's Liquefaction      Hex/Erth       0%         N/A       100%        4
 Call Canine Familiar     Summ           Unusable   N/A       N/A         3
 Summon Ice Beast         Ice/Summ       Unusable   N/A       N/A         4
 Death Channel            Necr           Unusable   N/A       N/A         6

Dungeon Overview and Level Annotations

Branches:
Dungeon (9/15)             Temple (1/1) D:7
   Lair: D:8-11         Orc: D:9-12

Altars:
Ashenzari
Fedhas
Nemelex Xobeh
Okawaru
Ru
Trog
Uskayaw
Vehumet
Zin
The Shining One

Shops:
D:3 [   D:8 *(

Annotations:
D:9 Harold


Innate Abilities, Weirdness & Mutations

You are immune to sickness and miasma.
Your stone body is resilient. (AC +6)
You are immune to poison.
You resist negative energy. (rN+)
You are resistant to electric shocks. (rElec)
You are resistant to unholy torment.
You are immune to petrification.
You possess an exceptional clarity of mind.


Message History

You are too injured to fight recklessly!
You are too injured to fight recklessly!
You are too injured to fight recklessly!
You are too injured to fight recklessly!
You are too injured to fight recklessly!
You are too injured to fight recklessly!
You feel much better. The wyvern bites you!
Harold hits you with a +0 short sword of protection.
The wyvern closely misses you.
You feel very mighty all of a sudden.
Harold hits you with a +0 short sword of protection.
The wyvern barely misses you.
Unknown command.
You hit Harold but do no damage.
Harold is moderately wounded.
You hit the wyvern. You block the wyvern's attack.
Harold hits you but does no damage.
The wyvern bites you but does no damage.
Harold hits you with a +0 short sword of protection.
Unknown command.
You slash Harold!
Harold is heavily wounded.
You slash the wyvern! The wyvern bites you!
* * * LOW HITPOINT WARNING * * *
Harold hits you with a +0 short sword of protection.
* * * LOW HITPOINT WARNING * * *
You slash Harold!
Harold is severely wounded.
You hit the wyvern. The wyvern bites you.
* * * LOW HITPOINT WARNING * * *
The wyvern bites you but does no damage.
Harold casts a spell at you. The mark upon you grows brighter.
You slash Harold!
Harold is severely wounded.
You slash the wyvern!
You kill the wyvern!
Okawaru accepts your kill.
Harold hits you with a +0 short sword of protection!
You die...

## #.....##..#.#
#...........#
#.....##..###
####.....##..#
.........(##.#
###..####.##.#######.#
###..####<##.....?...#
.##.[#.....#####†#####
.##........# #@#
..>........# #@#
.##.##.#.#.......#
.......#.#########
###.####.# #.####>#
#......# ########


You could see Harold.

Vanquished Creatures
  A hornet (D:8)
  2 wyverns
  A wraith (D:9)
  Edmund (D:4)
  A water moccasin (D:4)
  Duvessa (D:4)
  3 sky beasts
  2 ogres
  A centaur (D:8)
  3 bullfrogs
  2 gnoll sergeants
  A water moccasin zombie (D:5)
  2 scorpions
  Dowan (D:4)
  A water moccasin skeleton (D:4)
  An electric eel (D:7)
  3 howler monkeys
  5 hounds
  A centaur skeleton (D:6)
  4 jellies
  A gnoll shaman (D:6)
  3 orc priests
  4 orc wizards
  A killer bee zombie (D:8)
  A hound zombie (D:5)
  4 hound skeletons (D:4)
  Robin (D:4)
  15 gnolls
  A howler monkey skeleton (D:6)
  6 adders
  A white imp (D:6)
  An ufetubus (D:4)
  An adder zombie (D:5)
  An adder skeleton (D:5)
  A worm (D:2)
  25 orcs
  5 bats
  3 endoplasms
  A giant cockroach (D:1)
  14 goblins
  10 hobgoblins
  3 jackals (D:3)
  2 kobolds
  3 quokkas (D:2)
  9 ball pythons
  8 frilled lizards
  5 rats
167 creatures vanquished.

Vanquished Creatures (others)
  2 fungi (D:7)
2 creatures vanquished.

Grand Total: 169 creatures vanquished

Notes
Turn   | Place    | Note
-------+----------+-------------------------------------------
     0 | D:1      | bande the Gargoyle Fighter began the quest for the Orb.
     0 | D:1      | Reached XP level 1. HP: 14/14 MP: 1/1
   320 | D:1      | Found a faded altar of an unknown god.
   400 | D:1      | Reached XP level 2. HP: 20/20 MP: 2/2
   418 | D:1      | Reached skill level 2 in Axes
  1028 | D:2      | Found a radiant altar of Vehumet.
  1387 | D:2      | Reached XP level 3. HP: 14/24 MP: 3/3
  2027 | D:3      | Reached XP level 4. HP: 22/29 MP: 4/4
  2238 | D:3      | Found Zeugodyu's Armour Shoppe.
  2258 | D:3      | Reached skill level 3 in Axes
  2801 | D:3      | Reached XP level 5. HP: 30/33 MP: 5/5
  3081 | D:4      | Identified the +11 halberd "Fiodias" {flame, *Rage rElec
                  | rCorr Stlth+}
  3129 | D:4      | Noticed Dowan
  3130 | D:4      | Noticed Duvessa
  3144 | D:4      | Killed Duvessa
  3145 | D:4      | Reached XP level 6. HP: 19/38 MP: 6/6
  3160 | D:4      | Gained mutation: You possess an exceptional clarity of
                  | mind. [potion of mutation]
  3179 | D:4      | Killed Dowan
  3180 | D:4      | Reached skill level 4 in Axes
  3775 | D:4      | Noticed Robin
  3791 | D:3      | Reached XP level 7. HP: 38/44 MP: 7/7
  4005 | D:4      | Killed Robin
  4039 | D:4      | Reached skill level 5 in Axes
  4255 | D:4      | Noticed Edmund
  4276 | D:4      | Killed Edmund
  4567 | D:5      | Entered Level 5 of the Dungeon
  4594 | D:4      | Reached skill level 5 in Armour
  4829 | D:5      | Reached skill level 6 in Axes
  4864 | D:5      | Reached skill level 5 in Fighting
  4864 | D:5      | Reached XP level 8. HP: 43/49 MP: 8/8
  5602 | D:5      | Reached skill level 7 in Axes
  5893 | D:4      | Reached skill level 5 in Shields
  6355 | D:6      | Noticed a wyvern
  6367 | D:6      | Killed a wyvern
  6830 | D:6      | Reached XP level 9. HP: 52/55 MP: 9/9
  7292 | D:6      | Reached skill level 1 in Evocations
  7315 | D:6      | Reached skill level 8 in Axes
  7647 | D:7      | Found a staircase to the Ecumenical Temple.
  7656 | Temple   | Entered the Ecumenical Temple
  7860 | Temple   | Became a worshipper of Warmaster Okawaru
  8851 | D:7      | Reached skill level 1 in Invocations
  9658 | D:8      | Found Kinn's General Store.
  9718 | D:8      | Noticed a hornet
  9734 | D:8      | Killed a hornet
  9734 | D:8      | Reached * piety under Okawaru
  9922 | D:8      | Found Syhoin's Weapon Boutique.
 10186 | D:9      | Noticed Harold
 10203 | D:9      | Slain by Harold

Illustrated notes

Levels and vault maps discovered:
D:1:      kilobyte_arrival_exit_the_forest, layout_loops_ring,
          basic_ecumenical_altar
D:2:      layout_basic, basic_altar
D:3:      layout_basic, serial_shops, shop_statue
D:4:      minmay_octagon_keep, layout_cave_pods, uniq_duvessa, uniq_robin,
          uniq_edmund
D:5:      layout_rooms, hangedman_decor_peaks_small, lightli_minifort
D:6:      layout_loops_ring, serial_glass, glass_columns_c, glass_columns_c,
          glass_columns_a, glass_columns_c, abandoned_shop,
          minmay_misc_feat_room
D:7:      layout_basic, minmay_temple_entry_junction, water_boxes_lemuel
D:8:      layout_cave_pools, serial_shops, shop, kennysheep_mini
D:9:      layout_loops_cross, cheibrodos_worm_habitat, uniq_harold
Temple:   mainiacjoe_temple_trianglar_array

Skill      XL: |  1  2  3  4  5  6  7  8  9 |
---------------+----------------------------+-----
Axes           | 2 3 4 6 7 8 |  8.8
Armour         | 4 5 6 |  6.9
Fighting       | 4 5 6 |  6.4
Shields        | 4 5 |  5.8
Evocations     | 2 |  2.4
Invocations    | 2 |  2.4
Stealth        | |  0.1

Action                   |  1- 3 |  4- 6 |  7- 9 || total
-------------------------+-------+-------+-------++-------
Melee: War axe           |   126 |   122 |   392 ||   640
  Use: Scroll            |     4 |     3 |     9 ||    16
       Potion            |       |     6 |     3 ||     9
Armor: Scale mail        |    76 |    30 |       ||   106
       Chain mail        |       |    78 |   274 ||   352
Dodge: Dodged            |    70 |    68 |   147 ||   285
Block: Buckler           |    37 |    53 |   150 ||   240

Table legend: (Time is in decaauts)
 A = Elapsed time spent in this place.
 B = Non-inter-level travel time spent in this place.
 C = Inter-level travel time spent in this place.
 D = Time resting spent in this place.
 E = Time spent auto-exploring this place.
 F = Levels seen in this place.
 G = Mean time per level.
                   A        B        C        D        E       F      G
               +--------+--------+--------+--------+--------+-----+--------+
         Total |  10372 |  10215 |    157 |   3356 |   5096 |  10 | 1037.2 |
       Dungeon |  10085 |  10000 |     85 |   3356 |   4896 |   9 | 1120.6 |
        Temple |    286 |    214 |     72 |      0 |    200 |   1 |  286.0 |
               +--------+--------+--------+--------+--------+-----+--------+

Top non-repeatable levels by time:
     D:4: 2473 daAuts
     D:6: 1882 daAuts
     D:3: 1254 daAuts
     D:1: 1019 daAuts
     D:2: 981 daAuts
     D:7: 890 daAuts
     D:5: 727 daAuts
     D:8: 610 daAuts
  Temple: 286 daAuts
     D:9: 245 daAuts
